 Dungeon Crawl Stone Soup version 0.17-a0-1545-gc1bb672 (console) character file.

92 Monkaria the Poker (level 4, -4/42 HPs)
             Began as a Minotaur Berserker on July 18, 2015.
             Was a Believer of Trog.
             Slain by an orc
             ... wielding a +0 hand axe
              (8 damage)
             ... on level 3 of the Dungeon.
             The game lasted 00:02:12 (1454 turns).

Monkaria the Poker (Minotaur Berserker)             Turns: 1454, Time: 00:02:12

Health: -4/42      AC:  3    Str: 22    XL:     4   Next: 35%
Magic:  3/3        EV: 12    Int:  4    God:    Trog [**....]
Gold:   100        SH:  0    Dex: 10    Spells: 0 memorised, 3 levels left

rFire  . . .     SeeInvis +     a - +0 spear
rCold  . . .     Clarity  .     b - +0 animal skin
rNeg   . . .     SustAt   .     (no shield)
rPois  .         Gourm    .     (helmet restricted)
rElec  .         Spirit   .     n - +0 cloak
rCorr  .         Warding  .     (no gloves)
rMut   .         Stasis   .     (no boots)
MR     ++...                    (no amulet)
Stlth  +.........               (no ring)
                                k - ring of see invisible

@: lethally poisoned (-4 -> -5), regenerating, very resistant to hostile
enchantments, very unstealthy
A: retaliatory headbutt, horns 2
a: Burn Spellbooks, Berserk, Trog's Hand, Renounce Religion


You were on level 3 of the Dungeon.
You worshipped Trog.
Trog was pleased with you.
You were very hungry.

You visited 1 branch of the dungeon, and saw 3 of its levels.

You collected 100 gold pieces.

Inventory:

Hand weapons
 a - a +0 spear (weapon)
Missiles
 f - 10 needles of slowing
Armour
 b - a +0 animal skin (worn)
 n - a +0 cloak (worn)
Jewellery
 k - a ring of see invisible (left hand)
Scrolls
 g - 9 scrolls of identify {unknown}
 h - 2 scrolls of recharging {unknown}
 i - a scroll of fog {unknown}
 j - 4 scrolls of teleportation {unknown}
 m - a scroll of magic mapping {unknown}
 o - 2 scrolls of amnesia {unknown}
 q - a scroll of random uselessness {unknown}
 r - a scroll of noise {unknown}
 u - a scroll of remove curse {unknown}
 v - a scroll of immolation {unknown}
Potions
 d - a potion of haste {unknown}
 e - a potion of agility {unknown}
 l - a potion of brilliance {unknown}
 t - a potion of curing {unknown}
Comestibles
 c - 3 bread rations
 p - 2 meat rations
 s - a beef jerky


   Skills:
 - Level 5.0 Fighting
 + Level 5.2 Polearms
 - Level 2.4 Armour
 - Level 2.1 Dodging


You had 3 spell levels left.
You didn't know any spells.

Dungeon Overview and Level Annotations

Branches:
Dungeon (3/15)

Altars:
Dithmenos
Elyvilon
The Shining One


Innate Abilities, Weirdness & Mutations

You reflexively headbutt those who attack you in melee.
You have a pair of horns on your head.


Message History

You feel slightly more hungry.
You feel sick. The orc barely misses you.
You hit the orc but do no damage.
You feel sick.
The orc hits you with a short sword of venom.
* * * LOW HITPOINT WARNING * * *
You hit the orc.
You kill the orc!
Trog accepts your kill.
* * * LOW HITPOINT WARNING * * *
You feel sick.
You feel sick.
You feel sick.
You feel sick.
You are feeling very hungry.
You feel sick.
You feel sick.
An orc comes into view. It is wielding a hand axe.
You feel the effects of Trog's Hand fading.
The orc shouts!
The orc hits you with a hand axe!
You die...

..# #########.#
#...)..##.#
######.####.##.##
#.#...............#
.......o####.####o#
...###.o##.....##.#
##
........#.......#o#
#.
...####@#.......#.#
#. . #...o..._..o..#
#.
#.#.#.......#.#####.
.....#.......#.......
...
#.##.....##..####.
#...
..####.####.....##
.... ...
..........#.# ##.#
#.............# #
w........#.##


You could see 3 orcs.

Vanquished Creatures
  The ghost of ZloyMed the Cudgeler, a weakling GrGl (D:3)
  2 adders
  An ooze (D:1)
  A worm (D:2)
  2 giant geckos (D:1)
  2 orcs (D:3)
  A ball python (D:1)
  2 bats
  7 goblins
  6 hobgoblins
  3 jackals (D:1)
  4 giant newts (D:1)
  12 kobolds
  8 rats
52 creatures vanquished.

Notes
Turn   | Place    | Note
--------------------------------------------------------------
     0 | D:1      | Monkaria the Minotaur Berserker began the quest for the Orb.
     0 | D:1      | Reached XP level 1. HP: 19/19 MP: 0/0
    47 | D:1      | Reached skill level 4 in Fighting
   150 | D:1      | Reached XP level 2. HP: 25/28 MP: 1/1
   329 | D:1      | Acquired Trog's second power
   356 | D:1      | Reached skill level 5 in Fighting
   600 | D:1      | Reached XP level 3. HP: 29/36 MP: 2/2
   865 | D:2      | Found a shadowy altar of Dithmenos.
  1126 | D:2      | Found a glowing golden altar of the Shining One.
  1408 | D:3      | Found a white marble altar of Elyvilon.
  1411 | D:3      | Noticed ZloyMed's ghost (weakling GrGl)
  1425 | D:3      | Killed ZloyMed's ghost
  1425 | D:3      | Reached skill level 5 in Polearms
  1425 | D:3      | Reached XP level 4. HP: 8/42 MP: 3/3
  1446 | D:3      | HP: 1/42 [orc/short sword of venom (4)]
  1452 | D:3      | HP: 2/42 [poisoned by an orc]
  1454 | D:3      | Slain by an orc

Vault maps used:
D:1:      tarquinn_simple_flora_water_a
D:2:      tso_oasis_becter, grunt_dithmenos_smoke, first_bread
D:3:      old_standard_altar

Action                   |  1- 3 |  4- 6 || total
-------------------------+-------+-------++-------
Melee: Spear             |   123 |     8 ||   131
Invok: Trog's Hand       |     1 |     1 ||     2
 Stab: Sleeping          |     2 |       ||     2
  Eat: Chunk             |     1 |       ||     1
